 Dungeon Crawl Stone Soup version bcrawl-1.19-7-g22fd707d3b (webtiles) character file.

Game seed: 8688609453124825936

12425 Bnni the Warrior (level 11, -8/112 HPs)
             Began as a Hill Orc Archaeologist on Nov 20, 2019.
             Was a High Priest of Okawaru.
             Mangled by a nine-headed hydra (9 damage)
             ... in a Gauntlet.
             The game lasted 00:21:30 (10721 turns).

Bnni the Warrior (Hill Orc Archaeologist)          Turns: 10721, Time: 00:21:31

Health: -8/112     AC: 19    Str: 18    XL:     11   Next: 93%
Magic:  0/11       EV:  8    Int: 14    God:    Okawaru [*****.]
Gold:   924        SH:  0    Dex:  9    Spells: 10/10 levels left

rFire    . . .     SeeInvis .   O - +4 battleaxe (elec)
rCold    . . .     Gourm    .   (shield currently unavailable)
rNeg     . . .     Faith    .   n - +0 plate armour {MR+}
rPois    .         Spirit   +   c - +1 hat
rElec    .         Reflect  .   (no cloak)
rCorr    .         Harm     .   f - +1 pair of gauntlets of War {Slay+6}
MR       +....     NoTele   +   w - +2 pair of boots
Stlth    ..........             A - amulet of guardian spirit
HPRegen  0.28/turn              M - +3 ring of evasion
MPRegen  0.12/turn              l - +3 ring of protection

@: slowed, invisible, very slow
A: no striking features
a: Heroism, Finesse, Renounce Religion


You were in a Gauntlet.
You worshipped Okawaru.
Okawaru was extremely pleased with you.
You were very hungry.

You visited 2 branches of the dungeon, and saw 12 of its levels.
You also visited: Gauntlet.

You collected 924 gold pieces.

Inventory:

Hand Weapons
 b - a +1 hand crossbow
 H - a +1 falchion of electrocution
 K - a +1 long sword of holy wrath
 L - a +4 arbalest
 O - a +4 battleaxe of electrocution (weapon)
Missiles
 d - 654 bolts
Armour
 c - a +1 hat (worn)
 f - the +1 pair of gauntlets of War (worn) {Slay+6}

   It affects your accuracy and damage with ranged weapons and melee attacks
   (+6).
 n - a +0 plate armour of magic resistance (worn)
 v - a +0 buckler
 w - a +2 pair of boots (worn)
Jewellery
 h - an uncursed ring of resist corrosion {unknown}
 l - a +3 ring of protection (right hand)
 o - an uncursed ring of magical power
 A - an amulet of guardian spirit (around neck)
 C - an uncursed ring of protection from cold
 M - a +3 ring of evasion (left hand)
Wands
 m - a wand of disintegration (13)
 B - a wand of iceblast (17)
 I - a wand of paralysis (6)
Scrolls
 a - 3 scrolls of enchant armour
 e - 2 scrolls of teleportation
 u - 3 scrolls of magic mapping
 y - 2 scrolls of remove curse
 E - a scroll of amnesia
Potions
 i - a potion of flight {unknown}
 j - 3 potions of mutation
 k - 10 potions of curing
 p - 2 potions of resistance
 q - 2 potions of cancellation
 r - 2 potions of heal wounds
 s - 3 potions of might
 x - a potion of agility {unknown}
 D - a potion of brilliance
 J - a potion of invisibility
 P - a potion of berserk rage
Comestibles
 g - 18 rations {!d}


   Skills:
 * Level 15.1 Fighting
   Level 15.1 Short Blades
   Level 15.1 Long Blades
   Level 15.1 Axes
   Level 15.1 Maces & Flails
   Level 15.1 Polearms
   Level 15.1 Staves
 - Level 2.4 Dodging
 - Level 2.6 Stealth
 - Level 4.1 Shields
   Level 15.1 Unarmed Combat


You had 10 spell levels left.
You didn't know any spells.
Your spell library contained the following spells:

 Spells                   Type           Power        Failure   Level  Hunger
 Summon Small Mammal      Summ           #...         100%        1    ##.....
 Call Imp                 Summ           #.....       100%        2    ###....
 Call Canine Familiar     Summ           #.......     100%        3    ####...
 Ice Form                 Ice/Tmut       #.......     100%        4    #####..
 Summon Ice Beast         Ice/Summ       #.......     100%        4    #####..
 Metabolic Englaciation   Hex/Ice        #.........   100%        5    ######.
 Summon Lightning Spire   Summ/Air       #.......     100%        5    ######.
 Bolt of Cold             Conj/Ice       #.........   100%        6    #######
 Freezing Cloud           Ice/Air        #.........   100%        6    #######
 Ozocubu's Refrigeration  Ice            #.........   100%        6    #######
 Simulacrum               Ice/Necr       #.........   100%        6    #######


Dungeon Overview and Level Annotations

Branches:
Dungeon (11/12)            Temple (0/1) D:6            Lair (0/6) D:7
    Orc (1/1) D:8
    Elf: Orc:1       Vaults: D:11-12

Altars:
Dithmenos
Kikubaaqudgha
Lugonu
Nemelex Xobeh
Okawaru
Ru
Trog
Vehumet
Wu Jian
Zin
The Shining One

Shops:
D:5 :   D:9 %   D:11 (

Annotations:
Gauntlet 16 transporters


Message History

Press: ? - help, Shift-Dir - straight line, f/p - nine-headed hydra
Aim: a nine-headed hydra (severely wounded, covered in acid)
Okay, then.
Okay, then.
Press: ? - help, v - describe, . - travel
Here: a nine-headed hydra (severely wounded, covered in acid)
The floor.
Unknown command.
You fade into invisibility!
The nine-headed hydra bites you.
* * * LOW HITPOINT WARNING * * *
The nine-headed hydra bites you but does no damage.
The nine-headed hydra bites you.
* * * LOW HITPOINT WARNING * * *
The nine-headed hydra bites you!
* * * LOW HITPOINT WARNING * * *
The nine-headed hydra bites you!
* * * LOW HITPOINT WARNING * * *
The nine-headed hydra bites you!
You die...

.#.#.#....©....#.#..#.©.#..#.#...
##.#.#..##3##..#.#.#.#.#.#.#.#..#
...#.#.#.###.#.#.#..#.#.#..#.#.##
.#.#.#.##...##.#.#.#.#.#.#.#.#.#.
...#.#.........#.#Z.Z......#.#...
################.################
..........©#.........#©..........
#################################
.....#©........D@.........©#.....
#################################
.........#.#..}.s....#.##.......#
...P.PPP.#.#.#.....#.#.#.#.....#y
.P#...#P.#.#.##...##.#.#..#...#..
?....PP..#.#..#####..#.#...#.#.=.
©...©.P..#.#....©....#.#...©#...©
)..P.P...#.#..##.##..#.#...#.#..!
.P#P..#.Q#.#.##...##.#.#..#...#..


You could see a nine-headed hydra, a neqoxec, a death scarab, a harpy simulacrum
and a centaur warrior simulacrum.

Vanquished Creatures
  Erolcha (D:10)
  A two-headed ogre (D:9)
  Pikel (D:8)
  2 ugly things
  A komodo dragon (D:7)
  A yaktaur (D:10)
  3 trolls
  A meliai zombie (D:10)
  3 hippogriffs
  10 yaks
  A hungry ghost (D:7)
  A basilisk (D:10)
  A steam dragon (D:7)
  4 orc warriors
  2 phantoms
  4 sky beasts
  2 ogres
  2 black bears
  4 ice beasts
  3 centaurs
  A big kobold (D:6)
  4 bullfrogs
  A wyvern skeleton (D:8)
  4 scorpions
  11 killer bees
  A vampire bat (D:4)
  7 wights
  A howler monkey (D:7)
  5 crimson imps
  2 centaur skeletons (D:8)
  A bullfrog zombie (D:5)
  12 hounds
  3 centaur zombies
  10 orc wizards
  A gnoll shaman (D:6)
  4 jellies
  2 bullfrog skeletons
  4 iguanas
  7 worker ants
  A hound zombie (D:5)
  A hound skeleton (D:4)
  A worker ant zombie (D:9)
  9 adders
  A howler monkey skeleton (D:5)
  2 shadow imps
  3 oozes
  2 worms
  3 dart slugs
  8 leopard geckos
  24 orcs
  A bat skeleton (D:4)
  6 bat zombies (D:4)
  2 giant cockroaches
  6 goblins
  8 hobgoblins
  8 jackals
  5 quokkas
  2 ball pythons
  4 bats
  3 frilled lizards
  12 kobolds
  9 rats
250 creatures vanquished.

Vanquished Creatures (others)
  Fannar (D:10)
  14 plants
15 creatures vanquished.

Grand Total: 265 creatures vanquished

Notes
Turn   | Place    | Note
-------+----------+-------------------------------------------
     0 | D:1      | Bnni the Hill Orc Archaeologist began the quest for the
                  | Orb.
     0 | D:1      | Reached XP level 1. HP: 15/15 MP: 1/1
    14 | D:1      | Reached skill level 1 in Fighting
    29 | D:1      | Reached XP level 2. HP: 11/23 MP: 2/2
   238 | D:1      | Reached skill level 2 in Fighting
   550 | D:1      | Reached XP level 3. HP: 30/30 MP: 1/3
   893 | D:1      | Reached skill level 3 in Fighting
  1520 | D:2      | Reached XP level 4. HP: 38/39 MP: 4/4
  1773 | D:2      | Reached skill level 4 in Fighting
  2031 | D:2      | Found a bloodstained altar of Trog.
  2614 | D:3      | Found an ornate altar of the Wu Jian Council.
  2617 | D:3      | Reached skill level 1 in Shields
  2696 | D:3      | Found a bloodstained altar of Trog.
  2700 | D:3      | Found an iron altar of Okawaru.
  2701 | D:3      | Found a corrupted altar of Lugonu.
  2739 | D:3      | Became a worshipper of Warmaster Okawaru
  2743 | D:3      | Reached XP level 5. HP: 47/47 MP: 4/5
  2764 | D:3      | Reached skill level 5 in Fighting
  3213 | D:4      | Reached XP level 6. HP: 47/57 MP: 3/6
  3260 | D:4      | Found a glowing silver altar of Zin.
  3374 | D:4      | Reached skill level 6 in Fighting
  3394 | D:4      | Found an ancient bone altar of Kikubaaqudgha.
  3570 | D:4      | Got a sapphire dagger
  3817 | D:5      | Entered Level 5 of the Dungeon
  4129 | D:5      | Reached * piety under Okawaru
  4241 | D:5      | Reached XP level 7. HP: 64/64 MP: 5/7
  4321 | D:5      | Reached skill level 7 in Fighting
  4329 | D:5      | Found Tiofi's Book Shop.
  4647 | D:6      | Reached ** piety under Okawaru
  4647 | D:6      | Reached XP level 8. HP: 37/74 MP: 1/8
  4670 | D:6      | Identified the +1 dagger "Pioq" {pain, rF+ Int+4} (You
                  | found it on level 4 of the Dungeon)
  4830 | D:6      | Reached skill level 8 in Fighting
  5266 | D:6      | Found a staircase to the Ecumenical Temple.
  5395 | D:6      | Reached skill level 9 in Fighting
  5675 | D:7      | Reached XP level 9. HP: 72/85 MP: 5/9
  5756 | D:7      | Found a sparkling altar of Nemelex Xobeh.
  5773 | D:7      | Reached *** piety under Okawaru
  5776 | D:7      | Reached skill level 10 in Fighting
  5896 | D:7      | Noticed a komodo dragon
  5905 | D:7      | Killed a komodo dragon
  5985 | D:7      | Found a staircase to the Lair.
  6187 | D:7      | Reached skill level 11 in Fighting
  6368 | D:7      | Got a steaming quarterstaff
  6452 | D:7      | Reached **** piety under Okawaru
  6940 | D:8      | Reached XP level 10. HP: 64/97 MP: 8/10
  6968 | D:8      | Identified the +1 quarterstaff "Finnarol" {holy, Stlth+}
                  | (You found it on level 7 of the Dungeon)
  7113 | D:8      | Reached skill level 12 in Fighting
  7142 | D:8      | Reached ***** piety under Okawaru
  7244 | D:8      | Found a staircase to the Orcish Mines.
  7609 | D:8      | Reached skill level 13 in Fighting
  7786 | D:8      | Noticed Pikel
  7803 | D:8      | Killed Pikel
  7803 | D:8      | Received a gift from Okawaru
  8098 | Orc      | Entered the Orcish Mines
  8133 | D:9      | Reached XP level 11. HP: 107/107 MP: 11/11
  8192 | D:9      | Found a shadowy altar of Dithmenos.
  8339 | D:9      | Noticed a two-headed ogre
  8345 | D:9      | Killed a two-headed ogre
  8413 | D:9      | Found Wamymaor's Food Shoppe.
  8698 | D:9      | Found a glowing golden altar of the Shining One.
  8699 | D:9      | Found a radiant altar of Vehumet.
  8741 | D:9      | Reached skill level 14 in Fighting
  8897 | D:9      | Found a sacrificial altar of Ru.
  9197 | D:10     | Entered Level 10 of the Dungeon
  9317 | D:10     | Noticed Fannar
  9327 | D:10     | Killed Fannar
  9758 | D:10     | Noticed a white ugly thing
  9763 | D:10     | Killed a white ugly thing
  9975 | D:10     | Noticed a cyclops
  9995 | D:10     | Noticed Erolcha
 10002 | D:10     | Killed Erolcha
 10042 | D:10     | Reached skill level 15 in Fighting
 10124 | D:11     | Noticed a red ugly thing
 10136 | D:11     | Killed a red ugly thing
 10136 | D:11     | Received a gift from Okawaru
 10143 | D:11     | Found a gate leading to a gauntlet.
 10150 | D:11     | Found Uqeuc's Antique Weapon Shoppe.
 10154 | Gauntlet | Entered a Gauntlet
 10154 | Gauntlet | Found a transporter.
 10238 | Gauntlet | Noticed a tengu warrior
 10239 | Gauntlet | Found a transporter.
 10240 | Gauntlet | Found the +7 captain's cutlass {speed, disarm}
 10254 | Gauntlet | Found a transporter.
 10260 | Gauntlet | Found a transporter.
 10273 | Gauntlet | Noticed a thrashing horror
 10273 | Gauntlet | Noticed a thrashing horror
 10277 | Gauntlet | Found a transporter.
 10294 | Gauntlet | Found a transporter.
 10294 | Gauntlet | Noticed a death drake
 10306 | Gauntlet | Found a transporter.
 10306 | Gauntlet | Noticed a wretched star
 10318 | Gauntlet | Found a transporter.
 10330 | Gauntlet | Found a transporter.
 10330 | Gauntlet | Noticed a green death
 10339 | Gauntlet | Noticed a death yak
 10339 | Gauntlet | Noticed a death yak
 10340 | Gauntlet | Noticed a death yak
 10342 | Gauntlet | Found a transporter.
 10342 | Gauntlet | Noticed a necromancer
 10387 | Gauntlet | Found a transporter.
 10403 | Gauntlet | Found a transporter.
 10405 | Gauntlet | Found a transporter.
 10418 | Gauntlet | Noticed an orb spider
 10418 | Gauntlet | a jumping spider changed into an orb spider
 10435 | Gauntlet | Found a transporter.
 10437 | Gauntlet | Found a transporter.
 10439 | Gauntlet | Found a transporter.
 10440 | Gauntlet | Noticed a death scarab
 10440 | Gauntlet | an orb spider changed into a tarantella
 10444 | Gauntlet | Noticed a harpy
 10444 | Gauntlet | a tarantella changed into a harpy
 10466 | Gauntlet | Noticed an eight-headed hydra
 10469 | Gauntlet | Found a transporter.
 10471 | Gauntlet | Found a transporter.
 10500 | Gauntlet | Noticed a harpy
 10506 | Gauntlet | a harpy changed into a shapeshifter
 10721 | Gauntlet | HP: 1/112 [nine-headed hydra (7)]
 10721 | Gauntlet | Mangled by a nine-headed hydra

Skill      XL: |  1  2  3  4  5  6  7  8  9 10 11 |
---------------+----------------------------------+-----
Fighting       | 1 2 3 4 5 6 7 9 11 13 15 | 15.1
Shields        | 1 2 3 4 |  4.1
Short Blades   | | 15.1
Long Blades    | | 15.1
Axes           | | 15.1
Maces & Flails | | 15.1
Polearms       | | 15.1
Staves         | | 15.1
Dodging        | |  2.4
Stealth        | |  2.6
Unarmed Combat | | 15.1

Action                   |  1- 3 |  4- 6 |  7- 9 | 10-12 || total
-------------------------+-------+-------+-------+-------++-------
Melee: Whip              |    79 |       |       |       ||    79
       Short sword       |    87 |   283 |    82 |       ||   452
       Punch             |     2 |       |       |       ||     2
       Falchion          |       |       |   203 |   327 ||   530
       Battleaxe         |       |       |       |     1 ||     1
Throw: Throwing net      |       |       |       |     1 ||     1
Invok: Heroism           |       |       |     1 |     2 ||     3
Evoke: Wand              |       |       |       |     2 ||     2
  Use: Scroll            |       |    11 |       |    12 ||    23
       Potion            |       |       |       |     1 ||     1
 Stab: Sleeping          |     5 |       |       |       ||     5
       Distracted        |       |       |     1 |       ||     1
       Held in net/web   |       |       |       |     1 ||     1
  Eat: Chunk             |     2 |     9 |    10 |    11 ||    32
Armor: Robe              |    45 |       |       |       ||    45
       Scale mail        |    21 |   142 |    15 |       ||   178
       Plate armour      |       |       |   119 |   137 ||   256
Dodge: Dodged            |    91 |    91 |    55 |    55 ||   292
Block: Buckler           |       |    35 |    58 |    53 ||   146
